Map: Rhoskallian EE

Players

TATORREA

  • Race: Protoss Protoss
  • League: Gold
  • Spawn Location: 6:00

MrFercho

  • Race: Zerg Zerg
  • League: Silver
  • Spawn Location: 5:00

LEO

  • Race: Terran Terran
  • League: Gold
  • Spawn Location: 12:00

skypilot

  • Race: Terran Terran
  • League: Gold
  • Spawn Location: 11:00

VOD

Have the link to the VOD?

Description

Time

  • Played on: June 29, 2020, 9:38 p.m.
  • Length: 22:11
Show
View Real Time Build Order
Export as new Build Order

TATORREA Protoss 

Build Orders:  

Get SALT Encoding   

  12  0:01  Probe  
  13  0:13  Probe  
  14  0:24  Pylon  
  14  0:25  Probe  
  15  0:42  Probe  
  16  0:44  Gateway  
  16  0:58  Probe  
  16  1:04  Assimilator  
  17  1:10  Probe, Pylon  
  18  1:22  Probe  
  19  1:36  Probe  
  20  1:43  Cybernetics Core  
  20  1:45  Gateway  
  20  1:48  Probe  
  21  2:00  Probe  
  21  2:07  Nexus  
  21  2:11  Pylon  
  21  2:14  Probe  
  22  2:24  Assimilator  
  22  2:26  Probe  
  23  2:30  Warp Gate  
  23  2:38  Probe, Stalker  
  26  2:47  Stalker  
  26  2:50  Probe  
  29  3:09  Pylon  
  29  3:11  Probe  
  30  3:16  Pylon  
  30  3:23  Probe x2  
  32  3:34  Robotics Facility  
  32  3:38  Probe x2  
  32  3:40  Gateway  
  34  3:42  Sentry  
  34  3:46  Stalker  
  38  3:51  Probe  
  38  3:52  Probe  
  40  4:06  Probe  
  40  4:07  Probe  
  42  4:18  Probe  
  42  4:19  Probe  
  42  4:22  Immortal  
  48  4:27  Stalker  
  48  4:29  Stalker  
  48  4:30  Probe  
  53  4:36  Assimilator  
  54  4:38  Probe  
  54  4:40  Assimilator  
  54  4:44  Probe  
  55  4:47  Stalker  
  55  4:50  Probe  
  58  4:57  Stalker x2  
  61  5:00  Probe  
  61  5:01  Observer  
  61  5:02  Probe  
  64  5:13  Probe  
  65  5:21  Probe  
  65  5:25  Probe  
  67  5:49  Stalker  
  69  5:53  Observer  
  70  6:04  Pylon  
  70  6:08  Pylon  
  70  6:11  Pylon  
  70  6:21  Pylon  
  70  6:22  Probe x2  
  72  6:27  Pylon  
  72  6:31  Pylon  
  72  6:37  Nexus  
  72  6:40  Pylon  
  72  6:43  Probe x2, Pylon  
  74  6:55  Probe, Stalker  
  74  6:56  Probe, Stalker x2  
  82  7:04  Robotics Bay  
  82  7:07  Forge  
  82  7:09  Forge  
  82  7:10  Forge  
  82  7:14  Twilight Council  
  82  7:15  Probe x2  
  81  7:33  Probe x2  
  81  7:34  Pylon  
  83  7:37  Pylon  
  83  7:39  Assimilator  
  83  7:40  Assimilator  
  83  7:41  Pylon  
  81  7:46  Pylon  
  81  7:48  Pylon  
  78  7:52  Extended Thermal Lance, Protoss Ground Weapons Level 1  
  70  7:59  Colossus  
  70  8:02  Protoss Shields Level 1, Protoss Ground Armor Level 1  
  56  8:05  Stalker x2  
  56  8:06  Stalker  
  55  8:32  Stalker x3  
  58  8:43  Colossus  
  52  8:56  Stalker x3  
  56  9:25  Probe x2  
  58  9:32  Stalker x2  
  58  9:33  Stalker  
  58  9:37  Probe  
  65  9:41  Protoss Ground Weapons Level 2  
  65  9:52  Protoss Ground Armor Level 2  
  60  9:57  Observer  
  60  9:59  Blink  
  61  10:03  Protoss Shields Level 2  
  57  10:51  Probe  
  57  10:52  Probe  
  59  11:03  Nexus  
  59  11:04  Probe x2  
  61  11:05  Pylon, Gateway  
  61  11:06  Pylon  
  61  11:07  Gateway  
  61  11:10  Colossus, Gateway x2  
  61  11:12  Gateway  
  61  11:16  Probe x2  
  61  11:17  Stalker x3  
  75  11:39  Probe x2  
  77  11:52  Stalker  
  77  11:53  Stalker x2  
  83  12:04  Observer  
  83  12:05  Stalker x2  
  83  12:06  Assimilator  
  83  12:07  Stalker  
  83  12:08  Stalker  
  92  12:18  Probe x3  
  95  12:30  Probe  
  54  12:45  Stalker x2  
  54  12:46  Stalker x2  
  54  12:47  Stalker x2  
  54  12:48  Stalker x2  
  70  12:57  Probe x2  
  70  12:58  Probe  
  73  13:02  Colossus  
  79  13:11  Stalker x3  
  85  13:17  Protoss Ground Weapons Level 3  
  85  13:23  Stalker x2  
  85  13:24  Stalker  
  85  13:26  Stalker  
  93  13:30  Stalker  
  85  13:56  Observer  
  70  14:08  Stalker x4  
  70  14:09  Stalker x4  
  58  14:54  Stalker x4  
  58  14:55  Stalker x4  
  58  14:57  Colossus  
  77  15:07  Nexus  
  77  15:11  Pylon  
  77  15:14  Pylon  
  77  15:17  Probe x3  
  80  15:29  Probe x2  
  82  15:44  Observer  
  83  16:05  Colossus  
  89  16:13  Probe  
  89  16:14  Probe  
  89  16:15  Probe  
  92  16:19  Probe  
  93  16:25  Stalker  
  93  16:26  Probe  
  93  16:28  Stalker  
  98  16:35  Nexus  
  98  16:37  Stalker, Pylon  
  98  16:38  Stalker  
  102  16:40  Stalker  
  102  16:43  Probe x2  
  102  16:44  Assimilator x2  
  102  16:45  Probe  
  102  16:46  Probe  
  108  17:01  Stalker  
  108  17:02  Stalker x3  
  108  17:03  Stalker x3  
  112  17:27  Stalker  
  112  17:28  Stalker x3  
  112  17:29  Stalker x2  
  124  17:30  Stalker  
  65  18:00  Stalker x2  
  65  18:01  Stalker x2  
  65  18:02  Stalker x3  
  75  18:26  Stalker x4  
  75  18:27  Stalker x3  
  85  18:30  Probe x3  
  86  18:42  Probe  
  86  18:43  Probe x2  
  81  18:49  Assimilator  
  81  18:52  Probe  
  81  18:53  Assimilator  
  82  18:59  Pylon  
  82  19:02  Pylon  
  82  19:05  Stalker x3  
  82  19:06  Stalker x2, Pylon  
  82  19:09  Pylon  
  92  19:19  Pylon  
  92  19:21  Pylon  
  91  19:28  Stalker, Forge  
  91  19:29  Stalker  
  91  19:31  Forge  
  94  19:40  Stalker  
  94  19:41  Stalker x2  
  94  19:42  Stalker  
  84  19:57  Stalker x3  
  70  20:11  Stalker x4  
  70  20:32  Stalker x2  
  70  20:33  Stalker  
  72  20:48  Stalker x3  
  72  20:49  Stalker  
  80  21:05  Stalker  
  80  21:06  Stalker x2  
  86  21:14  Nexus  
  81  21:19  Stalker x4  
  81  21:22  Assimilator  
  72  21:35  Stalker  
  54  21:57  Stalker x3  
  35  22:09  Pylon  
  35  22:10  Pylon  
Show
View Real Time Build Order
Export as new Build Order

MrFercho Zerg 

Build Orders: Hatch First 

Get SALT Encoding   

  12  0:02  Drone  
  13  0:14  Overlord  
  13  0:21  Drone  
  14  0:32  Drone x2  
  16  0:55  Drone  
  17  1:02  Hatchery, Drone  
  17  1:15  Spawning Pool  
  17  1:18  Drone  
  17  1:21  Drone  
  18  1:27  Drone  
  19  1:34  Drone  
  20  1:49  Extractor  
  19  2:02  Zergling x4  
  21  2:15  Overlord  
  21  2:16  Queen x2  
  21  2:19  Drone x2  
  27  2:24  Drone  
  28  2:33  Drone  
  28  2:34  Drone  
  28  2:36  Drone  
  31  2:50  Drone x2  
  33  3:13  Lair  
  33  3:18  Drone x3  
  36  3:21  Overlord x2  
  36  3:22  Overlord  
  36  3:28  Roach Warren  
  36  3:29  Extractor  
  36  3:32  Extractor  
  33  3:41  Drone  
  33  3:42  Drone x7  
  40  4:26  Drone  
  40  4:27  Drone x4  
  40  4:28  Drone  
  40  4:29  Glial Reconstitution  
  46  4:32  Roach  
  46  4:33  Roach x5  
  58  4:41  Evolution Chamber  
  57  4:55  Overseer  
  57  4:57  Hatchery  
  56  5:10  Spore Crawler  
  54  5:16  Overseer  
  54  5:18  Drone x7  
  54  5:20  Overlord x3  
  53  5:42  Overseer  
  53  5:50  Zerg Missile Weapons Level 1  
  53  5:56  Hydralisk Den  
  52  6:11  Hatchery  
  51  6:12  Drone x6  
  51  6:17  Hatchery  
  54  6:35  Queen  
  54  6:37  Overseer  
  56  7:01  Overlord x3  
  56  7:02  Overlord  
  56  7:17  Drone  
  56  7:18  Drone x7  
  64  7:23  Grooved Spines  
  64  7:43  Hydralisk x7  
  78  7:59  Hydralisk x8  
  94  8:07  Zerg Missile Weapons Level 2  
  82  8:27  Extractor  
  82  8:29  Extractor  
  82  8:34  Hydralisk x10  
  80  8:35  Muscular Augments  
  99  9:05  Hydralisk x6  
  111  9:10  Overlord  
  111  9:11  Overlord x3  
  107  9:19  Extractor  
  98  9:29  Hydralisk x4  
  106  9:37  Drone  
  106  9:38  Drone x10  
  117  10:01  Drone  
  117  10:02  Drone x7  
  125  10:12  Hatchery  
  124  10:41  Hydralisk x6  
  136  10:44  Overlord x5  
  136  10:45  Overlord x3  
  136  11:01  Hydralisk x3, Extractor  
  136  11:02  Hydralisk x3  
  147  11:08  Extractor  
  146  11:25  Overseer x2  
  146  11:31  Lurker Den  
  145  11:33  Spire  
  145  11:36  Infestation Pit  
  143  11:40  Zerg Ground Armor Level 1  
  143  11:44  Drone x3  
  143  11:45  Drone  
  147  11:53  Evolution Chamber x2  
  145  11:57  Drone  
  145  11:58  Drone x8  
  154  12:02  Drone x3  
  113  12:47  Hydralisk x5  
  113  12:48  Hydralisk x7  
  99  13:13  Hydralisk  
  99  13:14  Hydralisk x7  
  115  13:27  Hydralisk x8  
  115  13:33  Lurker x3  
  134  13:37  Zerg Ground Armor Level 2  
  134  13:40  Hive  
  124  14:07  Zerg Flyer Weapons Level 1  
  124  14:09  Hydralisk x2  
  124  14:10  Hydralisk x19  
  128  14:45  Hydralisk x2  
  128  14:46  Hydralisk x15  
  154  15:05  Hydralisk x7  
  163  15:18  Hydralisk x5  
  149  15:28  Hatchery  
  132  15:36  Mutalisk x3  
  138  15:53  Hydralisk x8  
  154  16:17  Hydralisk  
  154  16:18  Hydralisk x8  
  156  16:19  Hydralisk  
  156  16:25  Metabolic Boost  
  174  16:33  Seismic Spines  
  174  16:35  Hatchery  
  173  16:52  Zerg Missile Weapons Level 3  
  173  16:53  Extractor  
  172  16:57  Extractor  
  163  17:26  Hydralisk  
  163  17:27  Hydralisk x11  
  187  17:30  Adaptive Talons  
  187  17:41  Hydralisk x2  
  187  17:42  Hydralisk x2  
  187  17:43  Hydralisk  
  143  18:07  Overseer x2  
  143  18:08  Overseer  
  105  18:32  Lurker x3  
  105  18:33  Lurker  
  109  18:36  Hydralisk x9  
  125  18:43  Zergling x2  
  125  18:44  Zergling x4  
  104  19:14  Hydralisk x10  
  104  19:15  Hydralisk  
  120  19:27  Zergling x2  
  120  19:28  Zergling x8  
  118  20:08  Extractor  
  118  20:10  Hatchery, Hydralisk x2  
  118  20:11  Hydralisk x9, Extractor  
  131  20:31  Hatchery  
  123  20:43  Hydralisk Den  
  122  20:50  Lurker Den  
  122  20:52  Overlord  
  121  21:07  Mutalisk x3  
  127  21:35  Overseer  
  101  21:41  Hydralisk x6  
Show
View Real Time Build Order
Export as new Build Order

LEO Terran 

Build Orders: Banshee Rush 

Get SALT Encoding   

  12  0:01  SCV  
  13  0:13  SCV  
  14  0:19  Supply Depot  
  14  0:25  SCV  
  15  0:40  SCV  
  15  0:42  Barracks  
  16  0:45  Refinery  
  16  0:52  SCV  
  17  1:05  SCV  
  18  1:17  SCV  
  19  1:29  Marine  
  19  1:32  Orbital Command  
  20  1:46  Marine  
  20  1:47  Factory  
  20  1:48  Refinery  
  21  2:15  Command Center  
  21  2:18  Marine  
  22  2:26  SCV  
  22  2:28  Supply Depot  
  23  2:34  Starport  
  23  2:36  Factory Tech Lab  
  23  2:49  SCV  
  24  2:55  Barracks Reactor  
  24  2:59  Bunker  
  24  3:03  Siege Tank  
  27  3:12  Starport Tech Lab  
  27  3:24  SCV, Bunker  
  28  3:34  Banshee  
  31  3:36  Cloaking Field  
  31  3:38  Hellion  
  31  3:40  SCV  
  34  3:44  SCV  
  35  3:53  Barracks  
  35  4:04  Supply Depot  
  35  4:05  Orbital Command  
  35  4:09  SCV  
  36  4:21  SCV  
  37  4:24  Marine  
  37  4:25  Marine  
  39  4:33  SCV  
  39  4:36  SCV  
  41  4:39  Refinery  
  41  4:42  Marine x2, Barracks Tech Lab  
  41  4:43  Engineering Bay  
  43  4:46  SCV  
  43  4:48  SCV  
  45  5:00  Marine x3  
  48  5:16  Hellion, Banshee  
  48  5:18  Marine  
  54  5:23  Supply Depot  
  54  5:42  Marine  
  54  5:43  Hellion  
  54  5:44  Marine  
  54  5:45  SCV  
  54  5:46  SCV  
  57  5:58  SCV x2  
  57  5:59  Banshee  
  57  6:03  Supply Depot  
  62  6:18  Terran Infantry Weapons Level 1  
  62  6:24  SCV x2, Armory  
  62  6:25  Hellion, Marauder, Marine x2  
  70  6:27  Supply Depot  
  70  6:29  Stimpack  
  70  6:44  Refinery, Marine  
  70  6:45  SCV x2  
  70  6:49  Medivac, Marauder, Supply Depot  
  74  6:57  SCV x2  
  74  6:59  Marine  
  77  7:02  Marine  
  78  7:11  SCV x2, Marauder  
  78  7:14  Supply Depot  
  82  7:16  Terran Vehicle And Ship Armor Level 1  
  82  7:17  Supply Depot  
  82  7:18  Medivac  
  84  7:23  SCV x2  
  86  7:35  SCV x2  
  86  7:36  Marauder  
  90  7:45  Supply Depot  
  90  7:47  SCV x2  
  90  7:48  Medivac  
  94  7:52  Barracks  
  94  7:57  Engineering Bay, Marauder  
  94  7:59  SCV  
  93  8:12  Terran Infantry Armor Level 1  
  93  8:15  Barracks  
  93  8:18  Medivac, Marauder  
  97  8:28  Marine  
  97  8:29  Marine  
  99  8:36  Command Center  
  99  8:39  Marine, Terran Infantry Weapons Level 2  
  100  8:45  Barracks  
  100  8:46  Marine  
  101  8:48  Medivac  
  101  8:55  Barracks Tech Lab  
  103  8:58  Marauder  
  103  9:01  Barracks  
  105  9:16  Marine x2  
  92  9:17  Marine  
  92  9:18  Medivac  
  92  9:19  Marauder  
  92  9:23  Siege Tank  
  99  9:27  Barracks Tech Lab  
  99  9:29  Factory  
  98  9:38  Concussive Shells  
  98  9:39  Combat Shield  
  98  9:40  Marauder  
  100  9:48  Medivac  
  100  9:50  Missile Turret  
  102  9:54  Missile Turret  
  102  9:55  Refinery, Siege Tank  
  102  9:56  Barracks Reactor  
  105  10:11  Barracks Reactor, Missile Turret, Refinery  
  105  10:12  Missile Turret  
  105  10:13  Marine x4  
  105  10:14  Marine  
  110  10:27  Siege Tank  
  113  10:31  Marine x5  
  118  10:36  Sensor Tower  
  118  10:43  Factory Tech Lab  
  118  10:49  Marine x5  
  123  10:52  Planetary Fortress  
  123  10:54  SCV x2  
  125  11:13  Supply Depot  
  125  11:18  Supply Depot  
  125  11:23  Supply Depot  
  125  11:27  Supply Depot  
  125  11:32  Missile Turret  
  125  11:35  Marauder, Marine x6  
  125  11:36  Missile Turret  
  125  11:39  Siege Tank  
  136  11:44  Supply Depot  
  136  11:46  Supply Depot  
  136  11:49  Supply Depot  
  136  11:52  Marine x2  
  136  11:53  Marauder x2, Marine x2  
  144  11:57  Marauder  
  146  12:04  Command Center  
  146  12:11  Siege Tank  
  146  12:14  Supply Depot, Marauder x2, Marine x3  
  156  12:18  Marauder  
  156  12:21  Siege Tank  
  161  12:24  Missile Turret  
  161  12:29  Command Center  
  147  12:34  Marine  
  147  12:36  Marauder  
  135  12:42  Marauder x2, Marine  
  135  12:43  Siege Tank  
  137  12:47  Marine  
  136  12:57  Marauder  
  128  13:00  Siege Tank  
  128  13:03  Marauder  
  128  13:04  Marauder  
  134  13:09  Terran Infantry Weapons Level 3  
  134  13:15  Siege Tank  
  138  13:22  Terran Infantry Armor Level 2  
  137  13:28  Marine x4  
  137  13:29  Marauder, Marine  
  137  13:33  Siege Tank  
  138  13:51  Marine x2  
  123  13:56  Marine x2  
  107  14:03  Marauder, Marine x2  
  107  14:09  Marine  
  99  14:11  Orbital Command  
  95  14:17  Marine x2  
  95  14:18  Marine  
  95  14:21  Marauder x2  
  102  14:25  Marauder  
  102  14:26  Marine  
  105  14:35  Marine x3  
  105  14:38  Siege Tank  
  111  14:42  Marauder  
  111  14:43  Marauder  
  111  14:44  Marine  
  98  14:46  Marauder  
  98  14:49  Siege Tank  
  98  14:53  Marine x3  
  101  15:02  Marine  
  101  15:04  Marauder x2  
  106  15:08  Marauder  
  106  15:11  Marine x3  
  110  15:20  Marine  
  95  15:25  Marauder x2  
  99  15:29  Marauder, Marine x2  
  103  15:47  Marauder x2  
  103  15:48  Sensor Tower  
  107  15:50  Marauder  
  107  15:53  Refinery  
  109  15:59  Marine  
  109  16:00  Marine x3  
  113  16:08  Marauder x2  
  113  16:11  Terran Infantry Armor Level 3  
  117  16:12  Marauder  
  117  16:17  SCV x2, Marine x2  
  117  16:18  SCV, Marine  
  125  16:26  Medivac  
  125  16:27  Sensor Tower  
  125  16:29  SCV x2, Marauder  
  125  16:30  Marauder  
  133  16:33  Marauder  
  133  16:38  SCV  
  136  16:41  SCV, Starport  
  136  16:45  Refinery  
  137  16:49  Starport  
  137  16:51  Marauder  
  137  16:52  Marauder, Marine x2  
  143  16:54  Marauder  
  143  16:56  Medivac  
  147  17:12  Marauder  
  149  17:26  Medivac  
  150  17:32  Marine x3  
  150  17:33  Marine x2  
  153  17:39  Starport Reactor  
  153  17:40  Starport Tech Lab  
  153  17:47  Marauder, Marine  
  153  17:50  Fusion Core, Marine x4  
  159  17:51  Marauder  
  159  17:55  Medivac  
  147  18:05  Marauder  
  141  18:08  Marine x4  
  141  18:09  Marauder  
  116  18:13  Marauder  
  97  18:25  Marine  
  97  18:26  Marauder, Marine x3  
  91  18:30  Marauder  
  93  18:34  Marauder  
  93  18:43  Marine x2  
  93  18:44  Marine  
  93  18:48  Marauder  
  98  18:51  Marauder  
  98  18:55  Marauder, Marine  
  102  19:01  Siege Tank x2  
  108  19:09  Marauder  
  98  19:13  Marauder  
  102  19:17  Marauder  
  102  19:28  Marine  
  102  19:29  Marine  
  102  19:31  Marauder  
  104  19:34  Marauder  
  104  19:38  Marauder  
  108  19:46  Siege Tank x2  
  108  19:51  Marine  
  108  19:52  Marauder  
  117  19:56  Marauder  
  117  19:59  Marauder  
  121  20:13  Marauder, Marine x2  
  116  20:15  Marine x2  
  116  20:17  Marauder  
  116  20:18  Siege Tank x2  
  116  20:21  Marauder  
  116  20:31  Marine x2  
  116  20:35  Marauder  
  120  20:37  Medivac x3  
  120  20:38  Marauder  
  120  20:42  Marauder  
  130  20:50  Hellion, Siege Tank  
  130  20:55  Marine  
  130  20:56  Marauder, Marine  
  139  21:00  Command Center, Marauder  
  139  21:04  Marauder  
  143  21:05  SCV  
  144  21:11  Siege Tank  
  144  21:18  Medivac x3, Marauder  
  155  21:21  Marauder  
  155  21:22  Siege Tank  
  160  21:30  Marine  
  160  21:31  Marauder, Marine x3  
  166  21:39  Marauder  
  165  21:43  Marauder  
  170  21:48  Marine  
  170  21:49  Marine x3  
Show
View Real Time Build Order
Export as new Build Order

skypilot Terran 

Build Orders:  

Get SALT Encoding   

  12  0:02  SCV  
  14  0:14  SCV  
  14  0:18  Supply Depot  
  14  0:26  SCV  
  15  0:41  Barracks  
  15  0:45  SCV  
  15  0:46  Refinery  
  16  0:57  SCV  
  17  1:09  SCV  
  18  1:22  SCV  
  19  1:30  Reaper  
  20  1:34  Orbital Command  
  20  2:02  SCV  
  20  2:03  Supply Depot  
  21  2:10  Barracks Reactor  
  21  2:14  SCV  
  22  2:35  SCV  
  23  2:38  Refinery  
  23  2:39  Factory  
  23  2:45  Command Center  
  23  2:47  Marine x2  
  23  2:48  SCV  
  26  3:03  SCV  
  27  3:26  Barracks Tech Lab  
  27  3:27  Starport  
  27  3:36  Hellion x2  
  31  3:46  Combat Shield  
  31  3:52  Command Center  
  31  4:01  Barracks  
  31  4:06  Engineering Bay  
  31  4:14  Supply Depot  
  31  4:17  Marauder  
  31  4:18  Hellion x2  
  31  4:21  Viking  
  39  4:33  Orbital Command  
  39  4:39  Hellion x2  
  39  4:41  Missile Turret  
  43  4:52  Barracks Reactor  
  43  5:02  Viking  
  43  5:04  Marauder  
  43  5:05  Hellion  
  49  5:10  SCV x3  
  54  5:21  Hellion  
  54  5:42  SCV x3  
  57  5:47  Missile Turret  
  57  5:48  Stimpack, Marine  
  57  5:49  Marauder, Marine  
  61  5:50  Widow Mine x2  
  61  5:54  SCV x3  
  68  6:01  Missile Turret  
  68  6:32  SCV  
  69  6:35  Supply Depot  
  69  6:53  Supply Depot  
  69  6:57  Armory, SCV x3, Marauder, Marine x2  
  69  6:59  Supply Depot  
  69  7:00  Supply Depot, Widow Mine  
  69  7:01  Terran Infantry Weapons Level 1  
  77  7:14  SCV, Widow Mine  
  67  8:12  Factory  
  63  8:13  Starport Reactor  
  63  8:14  Marine x2  
  63  8:15  Hellion x2, Marauder  
  63  8:17  Barracks  
  65  8:49  Marine x2  
  65  8:50  Hellion, Marauder  
  65  8:51  Viking x2, Hellion  
  65  8:54  Terran Vehicle Weapons Level 1  
  77  8:58  SCV x2  
  77  9:00  Planetary Fortress  
  72  9:10  SCV x2  
  72  9:17  Barracks Reactor, Marine x2  
  70  9:18  Factory Tech Lab  
  70  9:21  Widow Mine x2  
  70  9:22  SCV x2, Marauder  
  80  9:27  Refinery  
  80  9:29  Engineering Bay  
  80  9:30  Refinery  
  80  9:31  Armory  
  80  9:34  SCV x2  
  80  9:35  Barracks  
  80  9:37  Barracks  
  82  9:38  Barracks  
  82  9:40  Marine, Barracks  
  82  9:41  Marine  
  82  9:44  SCV  
  85  9:46  SCV x2  
  85  9:49  Viking x2  
  91  9:57  SCV  
  91  9:58  SCV x2  
  94  10:09  SCV  
  94  10:10  SCV  
  94  10:11  SCV  
  94  10:12  Missile Turret  
  97  10:14  Concussive Shells  
  97  10:15  Marine x3  
  97  10:16  Marine  
  97  10:19  Drilling Claws, Missile Turret  
  101  10:33  Sensor Tower  
  101  10:36  SCV x2  
  101  10:39  Widow Mine  
  101  10:40  Marauder  
  101  10:42  Refinery  
  101  10:43  Barracks Tech Lab x2  
  101  10:44  Barracks Reactor, Refinery, Barracks Tech Lab  
  101  10:50  Supply Depot  
  101  10:58  Supply Depot x2  
  101  11:04  Terran Infantry Weapons Level 2  
  101  11:05  Supply Depot, Terran Infantry Armor Level 1  
  101  11:07  Terran Vehicle And Ship Armor Level 1  
  101  11:11  Marine x4  
  101  11:12  Widow Mine x2  
  101  11:14  Supply Depot  
  109  11:19  Viking x2  
  109  11:20  SCV, Command Center  
  114  11:29  Supply Depot  
  80  12:36  Marine  
  80  12:37  Marine x5  
  77  12:38  Marauder x3  
  77  12:39  Marauder  
  77  12:40  Viking, Medivac, Widow Mine x3  
  92  12:59  Marine x3  
  92  13:00  Marine x3  
  92  13:01  Marauder x4  
  92  13:02  Widow Mine  
  92  13:03  Widow Mine x2  
  112  13:10  Viking  
  114  13:19  Missile Turret  
  114  13:20  Terran Infantry Armor Level 2  
  114  13:23  Terran Ship Weapons Level 1, Terran Vehicle And Ship Armor Level 2  
  114  13:24  Marine  
  114  13:25  Marine x5  
  114  13:26  Marauder x2  
  114  13:27  Marauder x2, Widow Mine  
  128  13:28  Widow Mine x2  
  128  13:31  Supply Depot  
  128  13:33  Planetary Fortress, Supply Depot  
  128  13:34  Missile Turret  
  134  13:37  Missile Turret  
  134  13:38  SCV  
  134  13:39  SCV x2  
  134  13:40  Missile Turret  
  137  13:49  Terran Infantry Weapons Level 3  
  137  13:51  SCV x3  
  140  14:03  SCV  
  140  14:05  Missile Turret  
  140  14:07  Missile Turret  
  140  14:08  Missile Turret  
  140  14:09  Missile Turret  
  101  14:32  Missile Turret  
  101  14:35  Marine x3  
  101  14:36  Marine x3  
  101  14:37  Marauder x4  
  117  14:38  Widow Mine x3  
  117  14:39  Medivac x2  
  105  15:07  Marine x6  
  105  15:08  Reaper, Marine x2  
  105  15:09  Reaper  
  105  15:10  Widow Mine x2  
  107  15:25  Reaper  
  107  15:27  Refinery  
  107  15:28  Refinery  
  106  15:29  Marine x3  
  106  15:30  Marine x3  
  106  15:31  Marauder, Liberator x2  
  120  15:41  Marauder  
  122  15:48  Marine x6  
  122  15:49  Marauder  
  130  15:51  Widow Mine x2  
  130  15:52  Marauder  
  136  16:02  Marauder, Starport x2  
  138  16:07  Marauder  
  138  16:08  Marine x6  
  146  16:12  Widow Mine  
  146  16:13  Supply Depot  
  146  16:14  Supply Depot  
  146  16:15  Supply Depot  
  146  16:18  Terran Infantry Armor Level 3  
  148  16:19  Terran Vehicle Weapons Level 2, Terran Ship Weapons Level 2  
  148  16:44  Starport Reactor  
  148  16:46  Starport Tech Lab  
  148  16:51  Marine x6  
  154  16:58  Factory  
  154  16:59  Factory  
  143  17:33  Marine x7  
  143  17:34  Marauder  
  143  17:35  Marauder x2  
  113  18:09  Marine  
  113  18:10  Marine x5  
  113  18:11  Marauder  
  113  18:12  Marauder x3  
  126  18:15  Liberator x2  
  126  18:16  Liberator x3  
  141  18:22  Fusion Core  
  141  18:27  Marine x2  
  141  18:28  Marine x4  
  141  18:33  Marauder x4  
  155  18:43  Factory Reactor  
  155  18:45  Marine x3  
  155  18:46  Marine x2, Factory Tech Lab  
  160  18:54  Marauder x2  
  164  19:12  Marine  
  164  19:13  Marine x5  
  164  19:15  Hi-Sec Auto Tracking, Neosteel Armor  
  170  19:17  Terran Vehicle Weapons Level 3, Terran Vehicle And Ship Armor Level 3  
  158  20:01  Marine x7  
  158  20:03  Marauder x3  
  158  20:04  Liberator x4  
  158  20:05  Liberator  
  184  20:20  Marauder  
  186  20:24  Marauder x2  
  188  20:37  Marine x7  
  188  20:41  Marine  
  196  20:45  Marine  
  183  21:11  Command Center  
  183  21:24  Refinery  
  183  21:27  Refinery x2, Command Center  
  183  21:31  Refinery  
  171  21:44  Marine x5  
  171  21:45  Marine  
  171  21:46  Marauder x4  
Tags
 
Add a new tag
Caveats
  • Supply blocks, unpowered buildings, or Contaminate may cause inaccurate times.
  • Supply counts are checked every 10 seconds.